 Dungeon Crawl Stone Soup version 0.24-b1 (webtiles) character file.

Game seed: 10317026302804388110, levelgen mode: deterministic

25666 Chiseanne the Thrower (level 13, 0/101 HPs)
             Began as a Gnoll Hunter on Oct 13, 2019.
             Was a High Priest of Okawaru.
             Shot with a bolt by a yaktaur (12 damage)
             ... on level 13 of the Dungeon.
             The game lasted 00:36:18 (12847 turns).

Chiseanne the Thrower (Gnoll Hunter)               Turns: 12847, Time: 00:36:19

Health: 0/101      AC: 19    Str: 17    XL:     13   Next: 21%
Magic:  0/24       EV: 22    Int: 13    God:    Okawaru [*****.]
Gold:   673        SH:  8    Dex: 19    Spells: 27/27 levels left

rFire    . . .     SeeInvis .   a - +5 scimitar (holy)
rCold    . . .     Gourm    .   C - +0 buckler
rNeg     . . .     Faith    .   v - +3 ring mail {MR+}
rPois    .         Spirit   +   c - +1 helmet
rElec    .         Reflect  .   Q - +0 cloak
rCorr    .         Harm     .   H - +1 pair of gloves
MR       +....                  u - +0 pair of boots
Stlth    ++++++....             R - amulet of guardian spirit
HPRegen  0.26/turn              y - ring of stealth
MPRegen  0.19/turn              F - ring of wizardry

@: about to teleport, heroism, finesse
A: distributed training, fangs 1, strong nose
a: Heroism, Finesse, Renounce Religion


You were on level 13 of the Dungeon.
You worshipped Okawaru.
Okawaru was extremely pleased with you.
You were not hungry.

You visited 1 branch of the dungeon, and saw 14 of its levels.
You also visited: Sewer.

You collected 843 gold pieces.
You spent 170 gold pieces at shops.

Inventory:

Hand Weapons
 a - a +5 scimitar of holy wrath (weapon)
 d - a +3 morningstar of holy wrath
 g - a +2 longbow of freezing {god gift}
 l - a +0 club {** Badass Ugly Stick **}
 s - a +0 trident of protection
Missiles
 i - 2 silver javelins {god gift}
 j - 330 stones
 m - 112 sling bullets
 r - 23 poisoned darts
 B - 36 bolts
 G - 11 boomerangs
 S - 2 throwing nets {!*}
 T - 2 boomerangs of dispersal
 U - 2 javelins (quivered)
Armour
 c - a +1 helmet (worn)
 n - a +0 chain mail of cold resistance
 u - a +0 pair of boots (worn)
 v - a +3 ring mail of magic resistance (worn)
 C - a +0 buckler (worn)
 H - a +1 pair of gloves (worn)
 N - +0 acid dragon scales
 Q - a +0 cloak (worn)
Jewellery
 x - an uncursed amulet of regeneration
 y - a ring of stealth (left hand)
 F - a ring of wizardry (right hand)
 R - an amulet of guardian spirit (around neck)
Wands
 K - a wand of iceblast (8)
 M - a wand of disintegration (9)
 P - a wand of flame (11)
Scrolls
 b - 3 scrolls of remove curse
 e - 6 scrolls of amnesia
 q - 3 scrolls of teleportation
 w - a scroll of fog
Potions
 k - 3 potions of resistance
 p - 4 potions of cancellation
 A - a potion of brilliance
 E - a potion of flight {unknown}
 L - a potion of magic {unknown}
Miscellaneous
 O - a lightning rod (4/4)
Comestibles
 f - 35 rations
 h - 15 chunks of flesh


   Skills:
 + Level 9.2(14.2) Fighting
 + Level 7.9(12.9) Short Blades
 + Level 7.9(12.9) Long Blades
 + Level 7.9(12.9) Axes
 + Level 7.9(12.9) Maces & Flails
 + Level 7.9(12.9) Polearms
 + Level 7.9(12.9) Staves
 + Level 7.9(12.9) Slings
 + Level 7.9(12.9) Bows
 + Level 7.9(12.9) Crossbows
 + Level 11.4(16.4) Throwing
 + Level 7.9(12.9) Armour
 + Level 9.2(14.2) Dodging
 + Level 8.3(13.3) Stealth
 + Level 7.9(12.9) Shields
 + Level 7.9(12.9) Unarmed Combat
 + Level 7.9 Spellcasting
 + Level 6.6 Conjurations
 + Level 6.6 Hexes
 + Level 6.6 Charms
 + Level 6.6 Summonings
 + Level 6.6 Necromancy
 + Level 6.6 Translocations
 + Level 6.6 Transmutations
 + Level 6.6 Fire Magic
 + Level 6.6 Ice Magic
 + Level 6.6 Air Magic
 + Level 6.6 Earth Magic
 + Level 6.6 Poison Magic
 + Level 8.7 Invocations
 + Level 7.9 Evocations


You had 27 spell levels left.
You didn't know any spells.
Your spell library contained the following spells:

 Spells                   Type           Power        Failure   Level  Hunger
 Recall                   Summ/Tloc      N/A          1%          3    ##.....
 Aura of Abjuration       Summ           ###.......   16%         5    #####..
 Summon Demon             Summ           ###.......   16%         5    #####..
 Summon Forest            Summ/Tloc      ###.......   16%         5    #####..
 Summon Mana Viper        Hex/Summ       ###.....     16%         5    #####..
 Shadow Creatures         Summ           N/A          61%         6    #######


Dungeon Overview and Level Annotations

Branches:
Dungeon (14/15)            Temple (0/1) D:4            Lair (0/6) D:9
    Orc (0/2) D:9           Sewer (visited)
 Vaults: D:13-14

Altars:
Elyvilon
Fedhas
Gozag
Makhleb
Okawaru
Uskayaw
Vehumet
Wu Jian
Xom

Shops:
D:6 (   D:7 ?   D:9 *:   D:11 *

Annotations:
D:10 2 transporters, LabCoat's ghost, journeyman HOFi


Innate Abilities, Weirdness & Mutations

Your experience applies equally to all skills.
You have very sharp teeth.
Your uncanny sense of smell can sniff out nearby items.


Message History

A yaktaur comes into view.
The yaktaur unwields a +3 arbalest of flaming.
It stops flaming.
The yaktaur barely misses you.
Found 14 gold pieces.
You slice the yaktaur!!
The yaktaur is heavily wounded.
The yaktaur wields a +0 arbalest.
The yaktaur shoots a bolt.
The bolt hits you!!
* * * LOW HITPOINT WARNING * * *
You block the troll's attack. The troll closely misses you. x2
Okay, then.
As you read the scroll of teleportation, it crumbles to dust.
You feel strangely unstable. The yaktaur completely misses you.
The troll completely misses you. The troll claws you.
* * * LOW HITPOINT WARNING * * *
You block the troll's attack.
You slash the yaktaur!
The yaktaur is severely wounded.
The yaktaur shoots a bolt.
The bolt hits you!
You die...

....... ...$.# ....#
.. #...## #..
#.#..###...
#............
###.y.c.......#
#..#...T@..##....##.#
.......(...#......#.##
#<....##...#.........#
..... #.!............
..c# #............# ..
#...........### .
#...÷..........
..#.....÷........
........)).....(..


You could see 2 yaktaurs, a troll and a killer bee.

Vanquished Creatures
  Nessos (D:14)
  The ghost of TheWoodenMan the Grappler, a journeyman TrMo of Nemelex Xobeh (D:11)
  The ghost of Joijowi the Markscentaur, a journeyman CeHu of Okawaru (D:11)
  A hydra (D:10)
  A centaur warrior (D:10)
  A two-headed ogre (D:9)
  5 skeletal warriors (D:10)
  An orc knight (D:12)
  2 cyclopes
  2 manticores
  7 ugly things
  The ghost of dziebel133 the Covert, a novice SpEn of Dithmenos (D:11)
  A komodo dragon (D:11)
  A polar bear (D:13)
  2 trolls
  3 hippogriffs
  2 wraiths
  A vampire (D:12)
  3 wyverns
  17 yaks
  2 basilisks
  2 hungry ghosts
  2 vampire mosquitoes (D:12)
  An acid dragon (D:11)
  A water moccasin (D:11)
  A soldier ant (D:10)
  3 porcupines (D:9)
  2 sky beasts
  A swamp drake (D:9)
  10 orc warriors
  A black bear (D:8)
  A necrophage (D:8)
  7 ogres
  A phantom (D:10)
  5 ice beasts
  A wolf (D:13)
  6 centaurs
  4 crocodiles
  2 big kobolds
  5 bullfrogs
  A gnoll sergeant (D:7)
  A wyvern skeleton (D:14)
  4 scorpions (D:9)
  13 killer bees
  7 wights
  An electric eel (D:13)
  5 howler monkeys
  3 crimson imps
  3 bullfrog zombies
  A quasit (D:11)
  6 hounds
  5 orc priests
  5 jellies
  5 orc wizards
  4 bullfrog skeletons
  A killer bee zombie (D:7)
  8 worker ants
  A hound zombie (D:6)
  4 hound skeletons
  Robin (D:2)
  A worker ant zombie (D:8)
  7 gnolls
  A howler monkey skeleton (D:11)
  11 adders
  2 river rats (D:4)
  A shadow imp (D:11)
  A white imp (D:13)
  9 worms
  2 dart slugs
  2 leopard geckos
  31 orcs
  4 giant cockroaches
  11 goblins
  6 hobgoblins
  19 jackals
  10 kobolds
  6 quokkas
  10 bats
  8 frilled lizards
  A leopard gecko skeleton (D:9)
  8 rats
342 creatures vanquished.

Vanquished Creatures (others)
  An unseen horror (D:10)
  5 fungi (D:9)
  12 plants (D:9)
18 creatures vanquished.

Grand Total: 360 creatures vanquished

Notes
Turn   | Place    | Note
-------+----------+-------------------------------------------
     0 | D:1      | Chiseanne the Gnoll Hunter began the quest for the Orb.
     0 | D:1      | Reached XP level 1. HP: 20/20 MP: 1/1
   102 | D:1      | Reached XP level 2. HP: 9/26 MP: 2/2
  1146 | D:2      | Reached XP level 3. HP: 30/31 MP: 3/3
  1314 | D:2      | Reached skill level 1 in Short Blades
  1314 | D:2      | Reached skill level 1 in Long Blades
  1314 | D:2      | Reached skill level 1 in Axes
  1314 | D:2      | Reached skill level 1 in Maces & Flails
  1314 | D:2      | Reached skill level 1 in Polearms
  1314 | D:2      | Reached skill level 1 in Staves
  1314 | D:2      | Reached skill level 1 in Slings
  1314 | D:2      | Reached skill level 1 in Bows
  1314 | D:2      | Reached skill level 1 in Crossbows
  1314 | D:2      | Reached skill level 1 in Armour
  1314 | D:2      | Reached skill level 1 in Shields
  1314 | D:2      | Reached skill level 1 in Unarmed Combat
  1314 | D:2      | Reached skill level 1 in Spellcasting
  1314 | D:2      | Reached skill level 1 in Invocations
  1314 | D:2      | Reached skill level 1 in Evocations
  1314 | D:2      | Reached XP level 4. HP: 31/38 MP: 5/5
  1650 | D:2      | Reached skill level 1 in Conjurations
  1650 | D:2      | Reached skill level 1 in Hexes
  1650 | D:2      | Reached skill level 1 in Charms
  1650 | D:2      | Reached skill level 1 in Summonings
  1650 | D:2      | Reached skill level 1 in Necromancy
  1650 | D:2      | Reached skill level 1 in Translocations
  1650 | D:2      | Reached skill level 1 in Transmutations
  1650 | D:2      | Reached skill level 1 in Fire Magic
  1650 | D:2      | Reached skill level 1 in Ice Magic
  1650 | D:2      | Reached skill level 1 in Air Magic
  1650 | D:2      | Reached skill level 1 in Earth Magic
  1650 | D:2      | Reached skill level 1 in Poison Magic
  1654 | D:2      | Noticed Robin
  1686 | D:2      | Killed Robin
  1686 | D:2      | Reached XP level 5. HP: 43/43 MP: 6/6
  1937 | D:2      | Found an iron altar of Okawaru.
  1945 | D:2      | Became a worshipper of Warmaster Okawaru
  2355 | D:3      | Found a shimmering altar of Xom.
  3036 | D:4      | Reached XP level 6. HP: 50/50 MP: 8/8
  3176 | D:4      | Found a glowing drain.
  3184 | Sewer    | Entered a sewer
  3219 | Sewer    | Chiseanne: !unsubscribe
  3219 | Sewer    | beem: Unsubscribed. I will no longer watch games of user
                  | Chiseanne. Bye!
  3442 | Sewer    | Reached skill level 5 in Fighting
  3442 | Sewer    | Reached skill level 5 in Dodging
  4179 | D:4      | Found a staircase to the Ecumenical Temple.
  4369 | D:5      | Entered Level 5 of the Dungeon
  4451 | D:5      | Reached XP level 7. HP: 48/56 MP: 10/10
  4574 | D:5      | Found a burning altar of Makhleb.
  4584 | D:5      | Found an opulent altar of Gozag.
  4662 | D:5      | Found a blossoming altar of Fedhas.
  4667 | D:5      | Reached * piety under Okawaru
  5080 | D:6      | Reached skill level 9 in Throwing
  5387 | D:6      | Reached XP level 8. HP: 60/63 MP: 12/12
  5395 | D:6      | Found Fouboq's Antique Weapon Shoppe.
  5419 | D:6      | Bought a runed scimitar for 133 gold pieces
  5969 | D:7      | Reached ** piety under Okawaru
  6266 | D:7      | Found Gyisoino's Magic Scroll Shoppe.
  6304 | D:7      | Bought a scroll of random uselessness for 13 gold pieces
  6673 | D:8      | Reached XP level 9. HP: 69/69 MP: 14/14
  6689 | D:8      | Found a radiant altar of Vehumet.
  6786 | D:8      | Reached *** piety under Okawaru
  6807 | D:8      | Found an ornate altar of the Wu Jian Council.
  7426 | D:9      | Reached skill level 5 in Stealth
  7469 | D:9      | Reached **** piety under Okawaru
  7469 | D:9      | Received a gift from Okawaru
  7479 | D:9      | Reached skill level 5 in Invocations
  7517 | D:9      | Found a staircase to the Orcish Mines.
  7678 | D:9      | Reached XP level 10. HP: 77/77 MP: 17/17
  7753 | D:9      | Found a staircase to the Lair.
  7784 | D:9      | Reached skill level 5 in Short Blades
  7784 | D:9      | Reached skill level 5 in Long Blades
  7784 | D:9      | Reached skill level 5 in Axes
  7784 | D:9      | Reached skill level 5 in Maces & Flails
  7784 | D:9      | Reached skill level 5 in Polearms
  7784 | D:9      | Reached skill level 5 in Staves
  7784 | D:9      | Reached skill level 5 in Slings
  7784 | D:9      | Reached skill level 5 in Bows
  7784 | D:9      | Reached skill level 5 in Crossbows
  7784 | D:9      | Reached skill level 5 in Armour
  7784 | D:9      | Reached skill level 5 in Shields
  7784 | D:9      | Reached skill level 5 in Unarmed Combat
  7784 | D:9      | Reached skill level 5 in Spellcasting
  7784 | D:9      | Reached skill level 5 in Evocations
  7806 | D:9      | Reached skill level 10 in Throwing
  7896 | D:9      | Found Loulyag's Book Shoppe.
  7938 | D:9      | Reached ***** piety under Okawaru
  8020 | D:9      | Found Yqiruomp's Assorted Antiques.
  8022 | D:9      | Bought a scroll labeled SIOVEYGH KIWN for 24 gold pieces
  8255 | D:9      | Found a hide-covered altar of Uskayaw.
  8287 | D:9      | Noticed a two-headed ogre
  8290 | D:9      | Found a white marble altar of Elyvilon.
  8315 | D:9      | Killed a two-headed ogre
  8315 | D:9      | Received a gift from Okawaru
  8344 | D:9      | Received a gift from Okawaru
  8556 | D:9      | Reached XP level 11. HP: 68/84 MP: 19/19
  8775 | D:10     | Entered Level 10 of the Dungeon
  8829 | D:10     | Noticed a skeletal warrior
  8997 | D:10     | Killed a skeletal warrior
  9100 | D:10     | Noticed a skeletal warrior
  9134 | D:10     | Killed a skeletal warrior
  9134 | D:10     | Reached skill level 5 in Conjurations
  9134 | D:10     | Reached skill level 5 in Hexes
  9134 | D:10     | Reached skill level 5 in Charms
  9134 | D:10     | Reached skill level 5 in Summonings
  9134 | D:10     | Reached skill level 5 in Necromancy
  9134 | D:10     | Reached skill level 5 in Translocations
  9134 | D:10     | Reached skill level 5 in Transmutations
  9134 | D:10     | Reached skill level 5 in Fire Magic
  9134 | D:10     | Reached skill level 5 in Ice Magic
  9134 | D:10     | Reached skill level 5 in Air Magic
  9134 | D:10     | Reached skill level 5 in Earth Magic
  9134 | D:10     | Reached skill level 5 in Poison Magic
  9205 | D:10     | Noticed a skeletal warrior
  9205 | D:10     | Noticed a skeletal warrior
  9237 | D:10     | Killed a skeletal warrior
  9338 | D:10     | Killed a skeletal warrior
  9488 | D:10     | Noticed a skeletal warrior
  9512 | D:10     | Killed a skeletal warrior
  9535 | D:10     | Found a transporter.
  9535 | D:10     | Noticed LabCoat's ghost (journeyman HOFi)
  9566 | D:10     | Found a transporter.
 10106 | D:10     | Noticed a centaur warrior
 10111 | D:10     | Killed an unseen horror
 10120 | D:10     | Killed a centaur warrior
 10123 | D:10     | Noticed a five-headed hydra
 10131 | D:10     | Killed a five-headed hydra
 10131 | D:10     | Received a gift from Okawaru
 10131 | D:10     | Reached XP level 12. HP: 43/93 MP: 12/22
 10728 | D:11     | Received a gift from Okawaru
 10747 | D:11     | Found Urphij's Assorted Antiques.
 10928 | D:11     | Received a gift from Okawaru
 11525 | D:11     | Reached skill level 11 in Throwing
 11557 | D:11     | Found a runed translucent gate.
 11558 | D:11     | Found a runed translucent gate.
 11559 | D:11     | Found a runed translucent gate.
 11560 | D:11     | Noticed dziebel133's ghost (novice SpEn)
 11561 | D:11     | Noticed Joijowi's ghost (journeyman CeHu)
 11561 | D:11     | Noticed TheWoodenMan's ghost (journeyman TrMo)
 11580 | D:11     | Killed dziebel133's ghost
 11590 | D:11     | Killed Joijowi's ghost
 11590 | D:11     | Received a gift from Okawaru
 11598 | D:11     | Killed TheWoodenMan's ghost
 11598 | D:11     | Received a gift from Okawaru
 12309 | D:12     | You fall into a shaft and drop 2 floors!
 12310 | D:14     | Noticed Nessos
 12338 | D:14     | Killed Nessos
 12710 | D:14     | Reached XP level 13. HP: 78/101 MP: 13/24
 12725 | D:14     | Received a gift from Okawaru
 12847 | D:13     | Shot with a bolt by a yaktaur

Skill      XL: |  1  2  3  4  5  6  7  8  9 10 11 12 |
---------------+-------------------------------------+-----
Short Blades   | 1 2 3 4 5 6 7 |  7.9
Long Blades    | 1 2 3 4 5 6 7 |  7.9
Axes           | 1 2 3 4 5 6 7 |  7.9
Maces & Flails | 1 2 3 4 5 6 7 |  7.9
Polearms       | 1 2 3 4 5 6 7 |  7.9
Staves         | 1 2 3 4 5 6 7 |  7.9
Slings         | 1 2 3 4 5 6 7 |  7.9
Bows           | 1 2 3 4 5 6 7 |  7.9
Crossbows      | 1 2 3 4 5 6 7 |  7.9
Armour         | 1 2 3 4 5 6 7 |  7.9
Shields        | 1 2 3 4 5 6 7 |  7.9
Unarmed Combat | 1 2 3 4 5 6 7 |  7.9
Spellcasting   | 1 2 3 4 5 6 7 |  7.9
Invocations    | 1 2 3 4 5 6 7 8 |  8.7
Evocations     | 1 2 3 4 5 6 7 |  7.9
Conjurations   | 1 2 3 4 5 6 |  6.6
Hexes          | 1 2 3 4 5 6 |  6.6
Charms         | 1 2 3 4 5 6 |  6.6
Summonings     | 1 2 3 4 5 6 |  6.6
Necromancy     | 1 2 3 4 5 6 |  6.6
Translocations | 1 2 3 4 5 6 |  6.6
Transmutations | 1 2 3 4 5 6 |  6.6
Fire Magic     | 1 2 3 4 5 6 |  6.6
Ice Magic      | 1 2 3 4 5 6 |  6.6
Air Magic      | 1 2 3 4 5 6 |  6.6
Earth Magic    | 1 2 3 4 5 6 |  6.6
Poison Magic   | 1 2 3 4 5 6 |  6.6
Stealth        | 3 4 5 6 7 8 |  8.3
Fighting       | 5 6 7 8 9 |  9.2
Dodging        | 5 6 7 8 9 |  9.2
Throwing       | 9 10 11 | 11.4

Action                   |  1- 3 |  4- 6 |  7- 9 | 10-12 | 13-15 || total
-------------------------+-------+-------+-------+-------+-------++-------
Melee: Short sword       |    93 |   161 |       |       |       ||   254
       Bite              |    10 |    41 |    36 |    96 |    16 ||   199
       Punch             |     1 |     3 |     1 |       |       ||     5
       Rapier            |       |   201 |    88 |       |       ||   289
       Scimitar          |       |       |   172 |   610 |    74 ||   856
Throw: Javelin           |     1 |    18 |    18 |    15 |     4 ||    56
       Throwing net      |       |     1 |       |     4 |       ||     5
       Stone             |       |       |       |     5 |       ||     5
Invok: Heroism           |       |       |     2 |    15 |     1 ||    18
       Finesse           |       |       |       |     8 |     1 ||     9
Evoke: Wand              |       |       |       |     5 |       ||     5
  Use: Scroll            |     9 |     4 |     7 |    11 |     2 ||    33
       Potion            |     2 |     1 |       |    11 |     1 ||    15
 Stab: Held in net/web   |       |     2 |       |       |       ||     2
       Sleeping          |       |     1 |    10 |    16 |     1 ||    28
       Distracted        |       |       |       |     2 |       ||     2
  Eat: Chunk             |     1 |    11 |    11 |    14 |     1 ||    38
       Ration            |       |       |       |     1 |       ||     1
Armor: Leather armour    |    13 |       |       |       |       ||    13
       Chain mail        |    35 |   190 |       |       |       ||   225
       Ring mail         |       |    35 |   104 |   171 |    23 ||   333
Dodge: Dodged            |    57 |   219 |   218 |   404 |    45 ||   943
Block: Buckler           |       |       |    29 |   182 |    20 ||   231
       Rpst.: Scimitar   |       |       |    47 |   111 |     9 ||   167
